TOP OF THE 1ST |
University of Southern California Trojans batting - Pitching for Florida State University Seminoles : RHP Rodrigo Lovato
|
Pitching: RHP Rodrigo Lovato
|
|
Batting: LHB Jackson Wither
|
0-0: Ground out 4-3 (Groundball, 4M, EV 86.9 MPH)
|
Batting: RHB Dermott Ayliffe
|
0-0: Ball 1-0: Called Strike 1-1: Ball 2-1: Swinging Strike 2-2: Foul Ball, location: 2F 2-2: Foul Ball, location: 2F 2-2: Ball 3-2: DOUBLE (Groundball, 5L, EV 106.2 MPH)
|
Batting: RHB Carlos Livas
|
0-0: Called Strike 0-1: Ball 1-1: Ball 2-1: Ground out 6-3 (Groundball, 6, EV 91.9 MPH)
|
Batting: LHB Jayden Pelayo
|
0-0: Called Strike 0-1: Called Strike 0-2: Ground out 3-1 (Groundball, 34, EV 77.5 MPH)
|
Top of the 1st over - 0 runs, 1 hit, 0 errors, 1 left on base; University of Southern California 0 - Florida State University 0 |
BOTTOM OF THE 1ST |
Florida State University Seminoles batting - Pitching for University of Southern California Trojans : LHP Don Stanford
|
Pitching: LHP Don Stanford
|
|
Batting: RHB Ray Johnson
|
0-0: Ball 1-0: SINGLE (Groundball, 56, EV 101.9 MPH)
|
Batting: RHB David Lucarelli
|
0-0: Ball 1-0: Ground out U3 (Groundball, 3L, EV 103.1 MPH) Ray Johnson to second
|
Batting: LHB Simon Barry
|
0-0: Called Strike 0-1: Foul Ball, location: 2F 0-2: Ball 1-2: Foul Ball, location: 2F 1-2: Strikes out looking
|
Batting: RHB Juan Mercado
|
0-0: Swinging Strike 0-1: Swinging Strike 0-2: Ball 1-2: Ball 2-2: Ball 3-2: Strikes out swinging
|
Bottom of the 1st over - 0 runs, 1 hit, 0 errors, 1 left on base; University of Southern California 0 - Florida State University 0 |
TOP OF THE 2ND |
University of Southern California Trojans batting - Pitching for Florida State University Seminoles : RHP Rodrigo Lovato
|
Batting: RHB Toshinori Tajima
|
0-0: Foul Ball, location: 2F 0-1: Ball 1-1: Called Strike 1-2: Strikes out swinging
|
Batting: RHB Neal Perucci
|
0-0: Called Strike 0-1: Ball 1-1: Fly out, F7 (Line Drive, 7, EV 100.0 MPH)
|
Batting: RHB Dennis Tempel
|
0-0: SINGLE (Groundball, 56, EV 97.5 MPH)
|
Batting: SHB Jason Keys
|
0-0: Ball 1-0: Called Strike 1-1: Called Strike 1-2: Foul Ball, location: 2F 1-2: Fly out, F4 (Flyball, 34D, EV 84.4 MPH)
|
Top of the 2nd over - 0 runs, 1 hit, 0 errors, 1 left on base; University of Southern California 0 - Florida State University 0 |
BOTTOM OF THE 2ND |
Florida State University Seminoles batting - Pitching for University of Southern California Trojans : LHP Don Stanford
|
Batting: RHB Jim Unknown
|
0-0: SINGLE (Line Drive, 8RS, EV 85.6 MPH)
|
Batting: SHB Sammar Wambugu
|
0-0: Ball 1-0: Called Strike 1-1: Swinging Strike 1-2: Strikes out swinging
|
Batting: RHB Jonathan Bruni
|
0-0: Called Strike 0-1: Ball 1-1: Ball 2-1: Foul Ball, location: 2F 2-2: Ball 3-2: Base on Balls Jim Unknown to second
|
Batting: RHB Emilio Guerra
|
0-0: Ball 1-0: Called Strike 1-1: Called Strike 1-2: Ball 2-2: Strikes out swinging
|
Batting: RHB John Hunt
|
0-0: Swinging Strike 0-1: Foul Ball, location: 2F 0-2: Strikes out swinging
|
Bottom of the 2nd over - 0 runs, 1 hit, 0 errors, 2 left on base; University of Southern California 0 - Florida State University 0 |
TOP OF THE 3RD |
University of Southern California Trojans batting - Pitching for Florida State University Seminoles : RHP Rodrigo Lovato
|
Batting: RHB Donovan Deason
|
0-0: SINGLE (Groundball, 6, EV 98.1 MPH)
|
Batting: LHB Jackson Wither
|
0-0: Ball 1-0: Ground out 5-3 (Groundball, 56S, EV 63.8 MPH) Donovan Deason to second
|
Batting: RHB Dermott Ayliffe
|
0-0: SINGLE (Groundball, 34D, EV 101.2 MPH) Donovan Deason to third Throwing error, E9 Donovan Deason scores Dermott Ayliffe to second
|
Batting: RHB Carlos Livas
|
0-0: Ball 1-0: Ball 2-0: Ball 3-0: Base on Balls
|
Batting: LHB Jayden Pelayo
|
0-0: Called Strike 0-1: Ball 1-1: 3-RUN HOME RUN (Flyball, 9LD, EV 93.1 MPH), Distance : 346 ft
|
Batting: RHB Toshinori Tajima
|
0-0: Ball 1-0: Fly out, F8 (Flyball, 8LM, EV 74.4 MPH)
|
Batting: RHB Neal Perucci
|
0-0: Foul Ball, location: 2F 0-1: Called Strike 0-2: Ball 1-2: Ball 2-2: Fly out, F8 (Flyball, 8RD, EV 106.2 MPH)
|
Top of the 3rd over - 4 runs, 3 hits, 1 error, 0 left on base; University of Southern California 4 - Florida State University 0 |
BOTTOM OF THE 3RD |
Florida State University Seminoles batting - Pitching for University of Southern California Trojans : LHP Don Stanford
|
Batting: RHB Ray Johnson
|
0-0: Called Strike 0-1: Swinging Strike 0-2: SINGLE (Flyball, 56D, EV 91.2 MPH)
|
Batting: RHB David Lucarelli
|
0-0: Ball 1-0: Ball 2-0: Called Strike 2-1: Fielders Choice at 2nd, 4-6 (Groundball, 4, EV 88.8 MPH)
|
Batting: LHB Simon Barry
|
0-0: Ball 1-0: Foul Ball, location: 2F 1-1: Ball 2-1: Called Strike 2-2: Foul Ball, location: 2F 2-2: Strikes out swinging
|
Batting: RHB Juan Mercado
|
0-0: Fielders Choice at 2nd, 5-4 (Groundball, 56, EV 83.1 MPH)
|
Bottom of the 3rd over - 0 runs, 1 hit, 0 errors, 1 left on base; University of Southern California 4 - Florida State University 0 |
TOP OF THE 4TH |
University of Southern California Trojans batting - Pitching for Florida State University Seminoles : RHP Rodrigo Lovato
|
Batting: RHB Dennis Tempel
|
0-0: SINGLE (Flyball, 7LS, EV 86.9 MPH)
|
Batting: SHB Jason Keys
|
0-0: Ball 1-0: Ball 2-0: Ball 3-0: Base on Balls Dennis Tempel to second
|
Pitching: RHP Bao-qing Yei
|
|
Batting: RHB Donovan Deason
|
0-0: Called Strike 0-1: Fielders Choice at 2nd, 6-4 (Groundball, 6, EV 101.9 MPH) Dennis Tempel to third
|
Batting: LHB Jackson Wither
|
0-0: Called Strike 0-1: Foul Ball, location: 2F 0-2: Ball 1-2: Ground out 5-3 (Groundball, 56S, EV 75.0 MPH) Dennis Tempel scores Donovan Deason to second
|
Batting: RHB Dermott Ayliffe
|
0-0: Ball 1-0: Foul Ball, location: 2F 1-1: 2-RUN HOME RUN (Flyball, 89XD, EV 97.5 MPH), Distance : 391 ft
|
Batting: RHB Carlos Livas
|
0-0: Foul Ball, location: 2F 0-1: Called Strike 0-2: Strikes out swinging
|
Top of the 4th over - 3 runs, 2 hits, 0 errors, 0 left on base; University of Southern California 7 - Florida State University 0 |
BOTTOM OF THE 4TH |
Florida State University Seminoles batting - Pitching for University of Southern California Trojans : LHP Don Stanford
|
Batting: RHB Jim Unknown
|
0-0: Called Strike 0-1: Foul Ball, location: 2F 0-2: Strikes out looking
|
Batting: SHB Sammar Wambugu
|
0-0: Ground out 5-3 (Groundball, 5L, EV 86.2 MPH)
|
Batting: RHB Jonathan Bruni
|
0-0: SINGLE (Line Drive, 6MD, EV 97.5 MPH)
|
Batting: RHB Emilio Guerra
|
0-0: Ball 1-0: Foul Ball, location: 2F 1-1: Ball 2-1: Ball 3-1: Foul Ball, location: 2F 3-2: Strikes out swinging
|
Bottom of the 4th over - 0 runs, 1 hit, 0 errors, 1 left on base; University of Southern California 7 - Florida State University 0 |
TOP OF THE 5TH |
University of Southern California Trojans batting - Pitching for Florida State University Seminoles : RHP Bao-qing Yei
|
Batting: LHB Jayden Pelayo
|
0-0: Ball 1-0: Called Strike 1-1: Ground out U3 (Groundball, 34, EV 109.4 MPH)
|
Batting: RHB Toshinori Tajima
|
0-0: Ball 1-0: Ball 2-0: Foul Ball, location: 2F 2-1: Ball 3-1: Base on Balls
|
Batting: RHB Neal Perucci
|
0-0: Called Strike 0-1: Swinging Strike 0-2: Foul Ball, location: 2F 0-2: Strikes out looking
|
Batting: RHB Dennis Tempel
|
0-0: Fly out, F6 (Popup, 6MS, EV 81.2 MPH)
|
Top of the 5th over - 0 runs, 0 hits, 0 errors, 1 left on base; University of Southern California 7 - Florida State University 0 |
BOTTOM OF THE 5TH |
Florida State University Seminoles batting - Pitching for University of Southern California Trojans : LHP Don Stanford
|
Batting: RHB John Hunt
|
0-0: Ball 1-0: Ball 2-0: SINGLE (Groundball, 6MD, EV 104.4 MPH)
|
Batting: RHB Ray Johnson
|
0-0: Ball Wild Pitch! John Hunt to second 1-0: Ball 2-0: Foul Ball, location: 2F 2-1: Foul Ball, location: 2F 2-2: Fly out, F5 (Popup, 5SF, EV 83.8 MPH)
|
Batting: RHB David Lucarelli
|
0-0: Swinging Strike 0-1: Ball 1-1: Called Strike 1-2: Ball 2-2: Ground out 6-3 (Groundball, 6, EV 106.2 MPH)
|
Batting: LHB Simon Barry
|
0-0: Ball 1-0: SINGLE (Groundball, P, EV 85.0 MPH) (infield hit) John Hunt to third
|
Pinch Runner at 1st Juan Nieves:
|
|
Batting: RHB Juan Mercado
|
0-0: Called Strike 0-1: Ball 1-1: Ball 2-1: 3-RUN HOME RUN (Flyball, 78XD, EV 106.2 MPH), Distance : 399 ft
|
Batting: RHB Jim Unknown
|
0-0: Foul Ball, location: 2F 0-1: Called Strike 0-2: Ball 1-2: Ground out 4-3 (Groundball, 4, EV 105.6 MPH)
|
Bottom of the 5th over - 3 runs, 3 hits, 0 errors, 0 left on base; University of Southern California 7 - Florida State University 3 |
TOP OF THE 6TH |
University of Southern California Trojans batting - Pitching for Florida State University Seminoles : RHP Bao-qing Yei
|
Now at 3B: Juan Nieves
|
|
Batting: SHB Jason Keys
|
0-0: Foul Ball, location: 2F 0-1: Swinging Strike 0-2: Ground out 4-3 (Groundball, 4, EV 89.4 MPH)
|
Batting: RHB Donovan Deason
|
0-0: SINGLE (Line Drive, 9S, EV 108.8 MPH)
|
Batting: LHB Jackson Wither
|
0-0: Ball 1-0: Fly out, F8 (Flyball, 78D, EV 79.4 MPH)
|
Batting: RHB Dermott Ayliffe
|
0-0: Foul Ball, location: 5F, Error on foul ball, E5 0-1: Fielders Choice at 2nd, 5-4 (Groundball, 56, EV 91.9 MPH)
|
Top of the 6th over - 0 runs, 1 hit, 1 error, 1 left on base; University of Southern California 7 - Florida State University 3 |
BOTTOM OF THE 6TH |
Florida State University Seminoles batting - Pitching for University of Southern California Trojans : LHP Don Stanford
|
Pitching: RHP Jim Unknown
|
|
Batting: SHB Sammar Wambugu
|
0-0: Ball 1-0: Ball 2-0: Ball 3-0: Base on Balls
|
Batting: RHB Jonathan Bruni
|
0-0: Called Strike 0-1: Fielders Choice at 2nd, 6-4 (Groundball, 6, EV 88.8 MPH)
|
Batting: RHB Emilio Guerra
|
0-0: Ball 1-0: Foul Ball, location: 2F 1-1: Called Strike 1-2: Foul Ball, location: 2F 1-2: Ball 2-2: Foul Ball, location: 2F 2-2: Ball 3-2: Base on Balls Jonathan Bruni to second
|
Batting: RHB John Hunt
|
0-0: Called Strike 0-1: Ball 1-1: Ball 2-1: Fielders Choice at 2nd, 4-6 (Groundball, 4, EV 89.4 MPH) Jonathan Bruni to third
|
Batting: RHB Ray Johnson
|
0-0: Foul Ball, location: 2F 0-1: Ball 1-1: Ball 2-1: Ball 3-1: Base on Balls John Hunt to second
|
Batting: RHB David Lucarelli
|
0-0: Called Strike 0-1: Foul Ball, location: 2F 0-2: Foul Ball, location: 2F 0-2: SINGLE (Groundball, 56D, EV 100.0 MPH) Jonathan Bruni scores John Hunt to third Ray Johnson to second
|
Batting: RHB Juan Nieves
|
0-0: Ball 1-0: Foul Ball, location: 2F 1-1: Fly out, F7 (Flyball, 7, EV 91.2 MPH)
|
Bottom of the 6th over - 1 run, 1 hit, 0 errors, 3 left on base; University of Southern California 7 - Florida State University 4 |
TOP OF THE 7TH |
University of Southern California Trojans batting - Pitching for Florida State University Seminoles : RHP Bao-qing Yei
|
Batting: RHB Carlos Livas
|
0-0: SINGLE (Groundball, 4MD, EV 98.1 MPH)
|
Batting: LHB Jayden Pelayo
|
0-0: Ball 1-0: Ball 2-0: 2-RUN HOME RUN (Flyball, 78XD, EV 105.0 MPH), Distance : 399 ft
|
Pinch Hitting: LHB Kien-lung Zou
|
0-0: Fly out, F4 (Popup, 4S, EV 67.5 MPH)
|
Batting: RHB Neal Perucci
|
0-0: Ball 1-0: Ball 2-0: Called Strike 2-1: Swinging Strike 2-2: Fly out, F8 (Flyball, 89D, EV 99.4 MPH)
|
Batting: RHB Dennis Tempel
|
0-0: Ball 1-0: Ball 2-0: Fly out, F5 (Popup, 25F, EV 81.9 MPH)
|
Top of the 7th over - 2 runs, 2 hits, 0 errors, 0 left on base; University of Southern California 9 - Florida State University 4 |
BOTTOM OF THE 7TH |
Florida State University Seminoles batting - Pitching for University of Southern California Trojans : RHP Jim Unknown
|
Now in RF: Kien-lung Zou
|
|
Batting: RHB Juan Mercado
|
0-0: Ground out 6-3 (Groundball, 6, EV 85.6 MPH)
|
Batting: RHB Jim Unknown
|
0-0: Foul Ball, location: 2F 0-1: Foul Ball, location: 2F 0-2: Ball 1-2: Ball 2-2: Reached on error, E6 (Groundball, 6, EV 81.2 MPH)
|
Batting: SHB Sammar Wambugu
|
0-0: Swinging Strike 0-1: Ball 1-1: Foul Ball, location: 2F 1-2: Ball 2-2: Ball 3-2: Base on Balls Jim Unknown to second
|
Batting: RHB Jonathan Bruni
|
0-0: Called Strike 0-1: Called Strike 0-2: Foul Ball, location: 2F 0-2: Fielders Choice at 2nd, 1-6 (Groundball, 34S, EV 65.6 MPH) Jim Unknown to third
|
Pinch Hitting: RHB Oscar Mora
|
0-0: Foul Ball, location: 2F 0-1: Ball 1-1: Ball 2-1: Hit by Pitch Jonathan Bruni to second
|
Batting: RHB John Hunt
|
0-0: Called Strike 0-1: Ball 1-1: SINGLE (Groundball, 6D, EV 103.1 MPH) Jim Unknown scores Jonathan Bruni to third Oscar Mora to second
|
Batting: RHB Ray Johnson
|
0-0: Ball 1-0: Foul Ball, location: 2F 1-1: Fly out, F7 (Flyball, 7, EV 75.6 MPH)
|
Bottom of the 7th over - 1 run, 1 hit, 1 error, 3 left on base; University of Southern California 9 - Florida State University 5 |
TOP OF THE 8TH |
University of Southern California Trojans batting - Pitching for Florida State University Seminoles : RHP Bao-qing Yei
|
Pitching: LHP Jim Unknown
|
|
Now in RF: Tu-fu Hang
|
|
Batting: SHB Jason Keys
|
0-0: SINGLE (Groundball, 4MD, EV 96.2 MPH)
|
Batting: RHB Donovan Deason
|
0-0: Bunted foul 0-1: Ball 1-1: Bunted foul 1-2: Foul Ball, location: 2F 1-2: Ball 2-2: Ball 3-2: Base on Balls Jason Keys to second
|
Batting: LHB Jackson Wither
|
0-0: Called Strike 0-1: Ball 1-1: Ball 2-1: Fly out, F8 (Flyball, 8RXD, EV 108.1 MPH) Runner from 2nd tags up, SAFE at 3rd, no throw by CF
|
Batting: RHB Dermott Ayliffe
|
0-0: Ball Wild Pitch! Jason Keys scores Donovan Deason to second 1-0: Ball 2-0: Ground out 5-3 (Groundball, 5, EV 93.1 MPH)
|
Batting: RHB Carlos Livas
|
0-0: Ball Wild Pitch! Donovan Deason to third 1-0: Ball 2-0: Ball 3-0: Called Strike 3-1: Base on Balls
|
Batting: LHB Jayden Pelayo
|
0-0: Foul Ball, location: 2F 0-1: Called Strike 0-2: Foul Ball, location: 2F 0-2: Fly out, F7 (Line Drive, 7D, EV 91.9 MPH)
|
Top of the 8th over - 1 run, 1 hit, 0 errors, 2 left on base; University of Southern California 10 - Florida State University 5 |
BOTTOM OF THE 8TH |
Florida State University Seminoles batting - Pitching for University of Southern California Trojans : RHP Jim Unknown
|
Batting: RHB David Lucarelli
|
0-0: Ball 1-0: SOLO HOME RUN (Flyball, 78XD, EV 104.4 MPH), Distance : 407 ft
|
Batting: RHB Juan Nieves
|
0-0: Ball 1-0: SINGLE (Groundball, 34D, EV 102.5 MPH)
|
Pitching: RHP Jim Unknown
|
|
Batting: RHB Juan Mercado
|
0-0: Ball 1-0: Foul Ball, location: 2F 1-1: Ball 2-1: Ball 3-1: Base on Balls Juan Nieves to second
|
Batting: RHB Jim Unknown
|
0-0: Called Strike 0-1: Hit by Pitch Juan Nieves to third Juan Mercado to second
|
Batting: SHB Sammar Wambugu
|
0-0: Foul Ball, location: 2F 0-1: TRIPLE (Flyball, 9D, EV 101.2 MPH) Juan Nieves scores Juan Mercado scores Jim Unknown scores
|
Batting: RHB Jonathan Bruni
|
0-0: Ball 1-0: Foul Ball, location: 2F 1-1: Ball 2-1: Ball 3-1: SINGLE (Groundball, 56, EV 105.0 MPH) Sammar Wambugu scores
|
Batting: LHB Tu-fu Hang
|
0-0: Swinging Strike 0-1: Ball 1-1: 2-RUN HOME RUN (Flyball, 89XD, EV 106.2 MPH), Distance : 421 ft
|
Batting: RHB John Hunt
|
0-0: SINGLE (Groundball, 4MD, EV 95.6 MPH)
|
Batting: RHB Ray Johnson
|
0-0: Ball 1-0: Bunt missed! 1-1: Bunt missed! 1-2: Foul Ball, location: 2F 1-2: Ball 2-2: Foul Ball, location: 2F 2-2: Foul Ball, location: 2F 2-2: Ball 3-2: Base on Balls John Hunt to second
|
Batting: RHB David Lucarelli
|
0-0: Ball 1-0: Ball 2-0: Ball 3-0: Fly out, F4 (Popup, 34D, EV 52.5 MPH)
|
Batting: RHB Juan Nieves
|
0-0: Swinging Strike 0-1: Ball 1-1: Ball 2-1: Ball 3-1: Base on Balls John Hunt to third Ray Johnson to second
|
Batting: RHB Juan Mercado
|
0-0: Called Strike 0-1: Ball 1-1: Called Strike 1-2: GRAND SLAM HOME RUN (Flyball, 78XD, EV 104.4 MPH), Distance : 405 ft
|
Pitching: RHP Jim Unknown
|
|
Batting: RHB Jim Unknown
|
0-0: Ball 1-0: Called Strike 1-1: Hit by Pitch
|
Batting: SHB Sammar Wambugu
|
0-0: Ball 1-0: Foul Ball, location: 2F 1-1: Swinging Strike 1-2: Ball 2-2: Foul Ball, location: 2F 2-2: Fly out, F2 (Popup, 2LF, EV 93.8 MPH)
|
Batting: RHB Jonathan Bruni
|
0-0: Ground out 4-3 (Groundball, 34, EV 90.6 MPH)
|
Bottom of the 8th over - 11 runs, 7 hits, 0 errors, 1 left on base; University of Southern California 10 - Florida State University 16 |
TOP OF THE 9TH |
University of Southern California Trojans batting - Pitching for Florida State University Seminoles : LHP Jim Unknown
|
Pinch Hitting: RHB Paul Ngumi
|
0-0: Called Strike 0-1: SOLO HOME RUN (Flyball, 7LD, EV 93.1 MPH), Distance : 329 ft
|
Pinch Hitting: RHB Akira Ishihara
|
0-0: Ball 1-0: Ground out U3 (Groundball, 3, EV 106.2 MPH)
|
Batting: RHB Dennis Tempel
|
0-0: Ball 1-0: Swinging Strike 1-1: Ball 2-1: Ball 3-1: Base on Balls
|
Batting: SHB Jason Keys
|
0-0: Foul Ball, location: 2F 0-1: Ball 1-1: Ball 2-1: Ball 3-1: Foul Ball, location: 2F 3-2: SINGLE (Groundball, 25, EV 71.2 MPH) (infield hit) Dennis Tempel to second
|
Batting: RHB Donovan Deason
|
0-0: Ball 1-0: Ball 2-0: Ball 3-0: Base on Balls Dennis Tempel to third Jason Keys to second
|
Pinch Hitting: LHB David Mendez
|
0-0: Called Strike 0-1: Foul Ball, location: 2F 0-2: Ball 1-2: Ball 2-2: Ball 3-2: Base on Balls Dennis Tempel scores Jason Keys to third Donovan Deason to second
|
Batting: RHB Dermott Ayliffe
|
0-0: Ball 1-0: Fly out, F5 (Popup, 56, EV 70.0 MPH)
|
Batting: RHB Carlos Livas
|
0-0: Called Strike 0-1: Ground out 2-3 (Groundball, 15S, EV 75.6 MPH)
|
Top of the 9th over - 2 runs, 2 hits, 0 errors, 3 left on base; University of Southern California 12 - Florida State University 16 |
|